3A
HOGSMEADE CAULDRONS @ NIAGARA FALLS EXPOS
05/07/2022
 
TOP OF THE 1ST
Hogsmeade Cauldrons batting - Pitching for Niagara Falls Expos : LHP Norberto Quintana
Pitching: LHP Norberto Quintana
Batting: RHB Jim Unknown 0-0: Ball
1-0: Ball
2-0: Foul Ball, location: 2F
2-1: Bunted foul
2-2: Ball
3-2: Ground out 2-3 (Groundball, 25)
Batting: RHB Héctor Cantú 0-0: Foul Ball, location: 2F
0-1: SINGLE (Line Drive, 34)
Batting: LHB Jim Unknown 0-0: Ball
1-0: Fly out, F8 (Flyball, 8LD)
Batting: RHB Raúl Reyna 0-0: Called Strike
0-1: Called Strike
0-2: Ball
1-2: Ground out 6-3 (Groundball, 56)
Top of the 1st over - 0 run(s), 1 hit(s), 0 error(s), 1 left on base; Hogsmeade 0 - Niagara Falls 0
BOTTOM OF THE 1ST
Niagara Falls Expos batting - Pitching for Hogsmeade Cauldrons : RHP Rob Rocha
Pitching: RHP Rob Rocha
Batting: RHB Xing-li Wang 0-0: Foul Ball, location: 2F
0-1: Ground out 5-3 (Groundball, 56)
Batting: RHB Rodrigo Velasco 0-0: Ball
1-0: Called Strike
1-1: Ball
2-1: Ball
3-1: Base on Balls
Batting: LHB Jorge Borbón 0-0: SINGLE (Line Drive, 4M)
Rodrigo Velasco to second
Batting: LHB Manny Valentín 0-0: Ball
1-0: Fielders Choice at 2nd, 4-6 (Groundball, 34)
Rodrigo Velasco to third
Batting: RHB Barkley B. Cooltimes 0-0: Ball
1-0: Called Strike
1-1: Ball
2-1: Ball
3-1: Base on Balls
Manny Valentín to second
Batting: LHB Ramón Gómez 0-0: Called Strike
0-1: Ball
1-1: Ball
2-1: Called Strike
2-2: Foul Ball, location: 2F
2-2: Foul Ball, location: 2F
2-2: Fly out, F9 (Flyball, 9S)
Bottom of the 1st over - 0 run(s), 1 hit(s), 0 error(s), 3 left on base; Hogsmeade 0 - Niagara Falls 0
TOP OF THE 2ND
Hogsmeade Cauldrons batting - Pitching for Niagara Falls Expos : LHP Norberto Quintana
Batting: RHB Ernesto Souza 0-0: Called Strike
0-1: Foul Ball, location: 2F
0-2: Strikes out swinging
Batting: RHB Reynaldo Pérez 0-0: Called Strike
0-1: Foul Ball, location: 2F
0-2: Strikes out looking
Batting: RHB Miguel Torres 0-0: Called Strike
0-1: Ball
1-1: Called Strike
1-2: Ground out U3 (Groundball, 3L)
Top of the 2nd over - 0 run(s), 0 hit(s), 0 error(s), 0 left on base; Hogsmeade 0 - Niagara Falls 0
BOTTOM OF THE 2ND
Niagara Falls Expos batting - Pitching for Hogsmeade Cauldrons : RHP Rob Rocha
Batting: RHB Luis Rodríguez 0-0: Ball
1-0: Ball
2-0: Called Strike
2-1: Foul Ball, location: 2F
2-2: Fly out, F9 (Flyball, 9M)
Batting: RHB José Rodríguez 0-0: Swinging Strike
0-1: Called Strike
0-2: Strikes out swinging
Batting: RHB William Smith 0-0: Ball
1-0: Ball
2-0: Ball
3-0: Called Strike
3-1: Ground out 1-3 (Groundball, 15)
Bottom of the 2nd over - 0 run(s), 0 hit(s), 0 error(s), 0 left on base; Hogsmeade 0 - Niagara Falls 0
TOP OF THE 3RD
Hogsmeade Cauldrons batting - Pitching for Niagara Falls Expos : LHP Norberto Quintana
Batting: RHB Jesús Cisneros 0-0: Called Strike
0-1: Swinging Strike
0-2: Strikes out swinging
Batting: SHB Fernando Sánchez 0-0: SINGLE (Groundball, 6MD)
Batting: RHB Jim Unknown 0-0: Ball
1-0: Ground out 5-3 (Groundball, 56S)
Fernando Sánchez to second
Batting: RHB Héctor Cantú 0-0: Ball
1-0: Ground out 4-3 (Groundball, 34)
Top of the 3rd over - 0 run(s), 1 hit(s), 0 error(s), 1 left on base; Hogsmeade 0 - Niagara Falls 0
BOTTOM OF THE 3RD
Niagara Falls Expos batting - Pitching for Hogsmeade Cauldrons : RHP Rob Rocha
Batting: RHB Xing-li Wang 0-0: Fly out, F6 (Popup, 6MD)
Batting: RHB Rodrigo Velasco 0-0: Ball
1-0: Fly out, F7 (Flyball, 7M)
Batting: LHB Jorge Borbón 0-0: Ball
1-0: Called Strike
1-1: Swinging Strike
1-2: Foul Ball, location: 2F
1-2: Strikes out swinging
Bottom of the 3rd over - 0 run(s), 0 hit(s), 0 error(s), 0 left on base; Hogsmeade 0 - Niagara Falls 0
TOP OF THE 4TH
Hogsmeade Cauldrons batting - Pitching for Niagara Falls Expos : LHP Norberto Quintana
Batting: LHB Jim Unknown 0-0: Called Strike
0-1: Ball
1-1: Foul Ball, location: 2F
1-2: Ball
2-2: Ground out 1-3 (Groundball, 15S)
Batting: RHB Raúl Reyna 0-0: Ground out 6-3 (Groundball, 6)
Batting: RHB Ernesto Souza 0-0: Called Strike
0-1: Swinging Strike
0-2: Ball
1-2: Foul Ball, location: 2F
1-2: Strikes out swinging
Top of the 4th over - 0 run(s), 0 hit(s), 0 error(s), 0 left on base; Hogsmeade 0 - Niagara Falls 0
BOTTOM OF THE 4TH
Niagara Falls Expos batting - Pitching for Hogsmeade Cauldrons : RHP Rob Rocha
Batting: LHB Manny Valentín 0-0: Ball
1-0: SINGLE (Groundball, 56D)
Batting: RHB Barkley B. Cooltimes 0-0: Ball
1-0: Ball
2-0: Foul Ball, location: 2F
2-1: Foul Ball, location: 2F
2-2: Fly out, F9 (Flyball, 89M)
Batting: LHB Ramón Gómez 0-0: Ball
1-0: SINGLE (Groundball, 6MD)
Manny Valentín to second
Batting: RHB Luis Rodríguez 0-0: Ball
1-0: Ground out 5-3 (Groundball, 56S)
Manny Valentín to third
Ramón Gómez to second
Batting: RHB José Rodríguez 0-0: Called Strike
0-1: Fly out, F9 (Flyball, 89M)
Bottom of the 4th over - 0 run(s), 2 hit(s), 0 error(s), 2 left on base; Hogsmeade 0 - Niagara Falls 0
TOP OF THE 5TH
Hogsmeade Cauldrons batting - Pitching for Niagara Falls Expos : LHP Norberto Quintana
Batting: RHB Reynaldo Pérez 0-0: Ball
1-0: Swinging Strike
1-1: Called Strike
1-2: Strikes out swinging
Batting: RHB Miguel Torres 0-0: Fly out, F4 (Popup, 4D)
Batting: RHB Jesús Cisneros 0-0: Ball
1-0: Foul Ball, location: 2F
1-1: SINGLE (Groundball, 4)
Batting: SHB Fernando Sánchez 0-0: Called Strike
0-1: Ball
1-1: Ball
Wild Pitch!
Jesús Cisneros to second
2-1: Ball
3-1: Base on Balls
Batting: RHB Jim Unknown 0-0: Ball
1-0: Fly out, F6 (Popup, 6D)
Top of the 5th over - 0 run(s), 1 hit(s), 0 error(s), 2 left on base; Hogsmeade 0 - Niagara Falls 0
BOTTOM OF THE 5TH
Niagara Falls Expos batting - Pitching for Hogsmeade Cauldrons : RHP Rob Rocha
Batting: RHB William Smith 0-0: Ball
1-0: Ground out 4-3 (Groundball, 4)
Batting: RHB Xing-li Wang 0-0: Swinging Strike
0-1: Ball
1-1: Swinging Strike
1-2: Strikes out swinging
Batting: RHB Rodrigo Velasco 0-0: SINGLE (Line Drive, 56D)
Batting: LHB Jorge Borbón 0-0: Called Strike
0-1: Ball
1-1: SINGLE (Line Drive, 8RS)
Rodrigo Velasco to second
Batting: LHB Manny Valentín 0-0: Called Strike
0-1: Ball
1-1: Foul Ball, location: 2F
1-2: Fly out, F7 (Flyball, 78XD)
Bottom of the 5th over - 0 run(s), 2 hit(s), 0 error(s), 2 left on base; Hogsmeade 0 - Niagara Falls 0
TOP OF THE 6TH
Hogsmeade Cauldrons batting - Pitching for Niagara Falls Expos : LHP Norberto Quintana
Batting: RHB Héctor Cantú 0-0: Ball
1-0: DOUBLE (Groundball, 3L)
Batting: LHB Jim Unknown 0-0: Called Strike
0-1: Called Strike
0-2: Ball
1-2: DOUBLE (Line Drive, 9LM)
Héctor Cantú scores
Batting: RHB Raúl Reyna 0-0: SINGLE (Line Drive, 89S)
Jim Unknown to third
Runner from 3rd tries for Home, SAFE, throw made home
Batting: RHB Ernesto Souza 0-0: Swinging Strike
0-1: Ball
1-1: Ball
2-1: Fly out, F8 (Line Drive, 8LM)
Batting: RHB Reynaldo Pérez 0-0: Called Strike
0-1: Fly out, F8 (Flyball, 8LM)
Batting: RHB Miguel Torres 0-0: Called Strike
Raúl Reyna is caught stealing 2nd base
Top of the 6th over - 2 run(s), 3 hit(s), 0 error(s), 0 left on base; Hogsmeade 2 - Niagara Falls 0
BOTTOM OF THE 6TH
Niagara Falls Expos batting - Pitching for Hogsmeade Cauldrons : RHP Rob Rocha
Batting: RHB Barkley B. Cooltimes 0-0: Hit by Pitch
Batting: LHB Ramón Gómez 0-0: Bunted foul
0-1: Ball
1-1: Sac Bunt - play at first, batter OUT! 1-4
Barkley B. Cooltimes to second
Batting: RHB Luis Rodríguez 0-0: Called Strike
0-1: Ball
1-1: Called Strike
1-2: Hit by Pitch
Batting: RHB José Rodríguez 0-0: Ball
1-0: Reached on error, E1 (Groundball, 13)
Barkley B. Cooltimes to third
Luis Rodríguez to second
Batting: RHB William Smith 0-0: Fly out, F3 (Popup, 23F)
Batting: RHB Xing-li Wang 0-0: Foul Ball, location: 2F
0-1: Ball
1-1: Ball
2-1: Swinging Strike
2-2: Foul Ball, location: 2F
2-2: Foul Ball, location: 2F
2-2: Ball
Wild Pitch!
Barkley B. Cooltimes scores
Luis Rodríguez to third
José Rodríguez to second
3-2: Strikes out swinging
Bottom of the 6th over - 1 run(s), 0 hit(s), 1 error(s), 2 left on base; Hogsmeade 2 - Niagara Falls 1
TOP OF THE 7TH
Hogsmeade Cauldrons batting - Pitching for Niagara Falls Expos : LHP Norberto Quintana
Batting: RHB Miguel Torres 0-0: Swinging Strike
0-1: Ball
1-1: Called Strike
1-2: Ball
2-2: Ground out 5-3 (Groundball, 56S)
Batting: RHB Jesús Cisneros 0-0: Ball
1-0: Ball
2-0: Ball
3-0: Called Strike
3-1: Base on Balls
Pinch Hitting: RHB Jim Unknown 0-0: Called Strike
0-1: SINGLE (Groundball, 5D)
Jesús Cisneros to second
Pinch Hitting: RHB Luis Martínez 0-0: Ball
1-0: Called Strike
1-1: Ball
2-1: Foul Ball, location: 2F
2-2: Hit by Pitch
Jesús Cisneros to third
Jim Unknown to second
Batting: RHB Héctor Cantú 0-0: Ball
1-0: Ball
2-0: Foul Ball, location: 2F
2-1: Grounds into double play, 4-6-3 (Groundball, 4)
Top of the 7th over - 0 run(s), 1 hit(s), 0 error(s), 2 left on base; Hogsmeade 2 - Niagara Falls 1
BOTTOM OF THE 7TH
Niagara Falls Expos batting - Pitching for Hogsmeade Cauldrons : RHP Rob Rocha
Now at 2B: Jim Unknown
Now in LF: Luis Martínez
Batting: RHB Rodrigo Velasco 0-0: Ball
1-0: Foul Ball, location: 2F
1-1: Ground out 6-3 (Groundball, 6)
Batting: LHB Jorge Borbón 0-0: SINGLE (Line Drive, 8LS)
Batting: LHB Manny Valentín 0-0: Foul Ball, location: 2F
0-1: Ball
1-1: Ball
2-1: Foul Ball, location: 2F
2-2: Foul Ball, location: 2F
2-2: Strikes out swinging
Pinch Hitting: RHB John Thompson 0-0: Swinging Strike
0-1: Ball
1-1: Swinging Strike
1-2: Strikes out swinging
Bottom of the 7th over - 0 run(s), 1 hit(s), 0 error(s), 1 left on base; Hogsmeade 2 - Niagara Falls 1
TOP OF THE 8TH
Hogsmeade Cauldrons batting - Pitching for Niagara Falls Expos : LHP Norberto Quintana
Now at 1B: John Thompson
Batting: LHB Jim Unknown 0-0: Foul Ball, location: 2F
0-1: Foul Ball, location: 2F
0-2: Foul Ball, location: 2F
0-2: Ground out 5-3 (Groundball, 5S)
Batting: RHB Raúl Reyna 0-0: Ball
1-0: Called Strike
1-1: Ball
2-1: Ball
3-1: Swinging Strike
3-2: Base on Balls
Batting: RHB Ernesto Souza 0-0: Ball
1-0: Ball
2-0: Called Strike
2-1: Fly out, F7 (Flyball, 7M)
Batting: RHB Reynaldo Pérez 0-0: Ball
1-0: Ball
2-0: Called Strike
2-1: Foul Ball, location: 2F
2-2: Strikes out looking
Top of the 8th over - 0 run(s), 0 hit(s), 0 error(s), 1 left on base; Hogsmeade 2 - Niagara Falls 1
BOTTOM OF THE 8TH
Niagara Falls Expos batting - Pitching for Hogsmeade Cauldrons : RHP Rob Rocha
Batting: LHB Ramón Gómez 0-0: Ball
1-0: Ground out 4-3 (Groundball, 4)
Batting: RHB Luis Rodríguez 0-0: Foul Ball, location: 2F
0-1: Swinging Strike
0-2: Ball
1-2: Foul Ball, location: 2F
1-2: Foul Ball, location: 2F
1-2: Ball
2-2: Strikes out swinging
Batting: RHB José Rodríguez 0-0: Ground out U3 (Groundball, 3S)
Bottom of the 8th over - 0 run(s), 0 hit(s), 0 error(s), 0 left on base; Hogsmeade 2 - Niagara Falls 1
TOP OF THE 9TH
Hogsmeade Cauldrons batting - Pitching for Niagara Falls Expos : LHP Norberto Quintana
Pitching: LHP Jim Unknown
Batting: RHB Miguel Torres 0-0: Ball
1-0: Swinging Strike
1-1: Foul Ball, location: 2F
1-2: Ball
2-2: Ground out 5-3 (Groundball, 5)
Pitching: LHP António Torrez
Batting: RHB Jesús Cisneros 0-0: SINGLE (Groundball, 5D)
Batting: LHB Jim Unknown 0-0: Called Strike
0-1: SINGLE (Groundball, 34D)
Jesús Cisneros to second
Runner from 2nd tries for 3rd, SAFE, no throw or cutoff
Batting: RHB Luis Martínez 0-0: DOUBLE (Line Drive, 89S)
Jesús Cisneros scores
Jim Unknown to third
Batting: RHB Héctor Cantú 0-0: Swinging Strike
0-1: Swinging Strike
0-2: Ball
1-2: Strikes out swinging
Batting: LHB Jim Unknown 0-0: SINGLE (Groundball, 34D) (infield hit)
Jim Unknown scores
Luis Martínez to third
Batting: RHB Raúl Reyna 0-0: Ball
1-0: Fly out, F3 (Popup, 3L)
Top of the 9th over - 2 run(s), 4 hit(s), 0 error(s), 2 left on base; Hogsmeade 4 - Niagara Falls 1
BOTTOM OF THE 9TH
Niagara Falls Expos batting - Pitching for Hogsmeade Cauldrons : RHP Rob Rocha
Pitching: RHP Jim Unknown
Batting: RHB William Smith 0-0: Foul Ball, location: 2F
0-1: Ball
1-1: Ground out 4-3 (Groundball, 4)
Batting: RHB Xing-li Wang 0-0: SINGLE (Groundball, 56D)
Batting: RHB Rodrigo Velasco 0-0: Ball
1-0: Ball
2-0: Fly out, F9 (Flyball, 9S)
Batting: LHB Jorge Borbón 0-0: Called Strike
0-1: Swinging Strike
0-2: Ball
1-2: Ball
2-2: Ground out 4-3 (Groundball, 4)
Bottom of the 9th over - 0 run(s), 1 hit(s), 0 error(s), 1 left on base; Hogsmeade 4 - Niagara Falls 1
This league is powered by Out of the Park Baseball, the baseball management simulation game for PC, Mac and Linux
Friday, April 15th, 2016 - OOTP Baseball 16.9 Build 39